[Event "*** Titled Tuesday Blitz"]
[Site "Chess.com"]
[Date "2018.05.01"]
[Round "2"]
[White "FairChess_on_YouTube"]
[Black "BrizuelaRonald"]
[Result "1-0"]
[WhiteElo "2877"]
[BlackElo "2515"]
[TimeControl "180+2"]
[EndTime "13:31:00 PDT"]
[Termination "FairChess_on_YouTube won by resignation"]

1. d4 Nf6 2. Bg5 d5 3. Nd2 e6 4. e3 c5 5. c3 Nc6 6. Ngf3 Bd6 7. Bb5 O-O 8. O-O Qb6 9. a4 a6 10. Bxc6 bxc6 11. Qc2 Nd7 12. Bf4 Bxf4 13. exf4 Rb8 14. Rfb1 a5 15. Ra3 Ba6 16. h4 Qc7 17. g3 cxd4 18.
cxd4 c5 19. Ng5 g6 20. h5 Rfc8 21. hxg6 hxg6 22. Nxe6 Qb6 23. Nxc5 Nxc5 24. dxc5 Rxc5 25. Rc3 Rbc8 26. Nf3 Qb4 27. Rc1 Rxc3 28. bxc3 Qa3 29.
Nd4 Bd3 30. Qd2 Be4 31. f5 Qxa4 32. f6 Qe8 33. f3 Qe5 34. fxe4 Qxg3+ 35. Kf1 Qh3+ 36. Qg2 Qd3+ 37. Qe2 Qh3+ 38. Qg2 Qd3+ 39. Ne2 dxe4 40. Ke1 a4 41. Rd1 Qe3 42. Qg3 Qxg3+ 43. Nxg3 Rxc3 44. Ne2 Rc6 45. Rd4 Rxf6 46. Rxa4 Re6 47.
Nf4 Re8 48. Ke2 Kg7 49. Ke3 Re7 50. Ra6 Kg8 51. Nd5 Re6 52. Ra7 Re5 53. Nf6+ Kg7 54. Nxe4 Rf5 55. Nd6 Rf1 56. Ke2 Rf4 57. Ke3 Rf1 58. Rb7 Kg8 59. Ne4 Kg7 60. Ke2 Rf4 61. Ke3 Rf1 62. Ng3 Rf6 63. Rc7 Kf8 64. Ne4 Rf5 65. Nd6 Rf1 66. Nc4 Kg8 67. Nd2 Rf6 68.
Nf3 Rf5 69. Ke4 Kf8 70. Ke3 Kg8 71. Kf2 Kg7 72. Kg3 Kg8 73. Kg4 Kg7 74. Nd4 Rf1 75. Nf3 Kg8 76. Kg3 f6 77. Nd4 Re1 78. Kf3 Kf8 79. Ne2 Rf1+ 80. Ke4 Rf5 81. Nf4 Re5+ 82.
Kd4 Ra5 83. Nxg6+ Kg8 84. Ke4 Rb5 85. Ne7+ Kf8 86. Nf5 Kg8 87. Kf4 Rb4+ 88. Kf3 Kf8 89. Ne3 Kg8 90. Nd5 Rb1 91. Kg4 Kf8 92. Kf5 Rf1+ 93.
Nf4 Ke8 94. Ra7 Kd8 95. Ra4 Kc7 96. Rd4 Kb6 97. Kxf6 Kb5 98. Ke5 Rh1 99. Rd8 Rg1 100. Nd3 Rg5+ 101. Kd4 Rg4+ 102. Kc3 Rh4 103. Rb8+ Kc6 104. Ne5+ Kd5 105. Rb5+ Ke6 106. Nd3 Rh3 107. Kd4 Rh4+ 108. Ke3 Kd6 109. Nf4 Kc6 110. Rf5 Rh1 111. Kd4 Rd1+ 112. Nd3 Rh1 113. Rf6+ Kd7 114. Kd5 Ke7 115. Rf5 Rd1 116.
Rf3 Kd7 117. Rh3 Kc7 118. Kc5 Kd7 119. Re3 Rd2 120. Nb4 Rd1 121. Nd5 Rc1+ 122. Kd4 Kd6 123. Nc3 Rc2 124. Ne4+ Ke6 125. Rf3 Rc1 126. Rf6+ Ke7 127. Ra6 Rh1 128. Ra7+ Ke6 129. Ra6+ Ke7 130. Nc3 Rh4+ 131. Kc5 Rh5+ 132. Nd5+ Kf7 133. Kd4 Rh4+ 134. Ke5 Rh5+ 135. Ke4 Rh1 136. Kf5 Rh5+ 137. Ke4 Rh1 138. Rf6+ Ke8 139. Ke5 Kd7 140. Rd6+ Kc8 141. Rb6 Kd7 142. Rd6+ Kc8 143. Kd4 Kb7 144. Rb6+ Ka7 145. Rb2 Rc1 146. Nc3 Ka8 147. Ne4 Ka7 148. Nc5 Rh1 149. Kd5 Rh6 150. Ne6 Ka6 151. Nd4 Ka5 152. Kc4 Rh8 153. Nc6+ Ka6 154. Ne5 Rc8+ 155. Kd5 Rc1 156. Nc4 Rh1 157. Kc6 Rh6+ 158. Nd6 Ka5 159. Kc5 Rh5+ 160. Kc6 Ka4 161. Rb8 Ka3 162. Nc4+ Ka2 163. Rb4 Rh3 164. Kc5 Rb3 165. Ra4+ Kb1 166. Nd2+ Kc2 167. Nxb3 1-0

[Event "*** Titled Tuesday Blitz"]
[Site "Chess.com"]
[Date "2018.05.01"]
[Round "3"]
[White "Vusatiuk_Vladimir"]
[Black "KRASAVCHIK2002"]
[Result "1-0"]
[WhiteElo "2176"]
[BlackElo "2029"]
[TimeControl "180+2"]
[EndTime "13:33:48 PDT"]
[Termination "Vusatiuk_Vladimir won by resignation"]

1. e4 c5 2. Nc3 Nc6 3. f4 e6 4.
Nf3 g6 5. Bb5 Bg7 6. Bxc6 bxc6 7. d3 d5 8. O-O Ne7 9. Qe1 O-O 10. Qh4 c4 11. dxc4 d4 12. Ne2 d3 13. cxd3 Qxd3 14.
Nc3 Qxc4 15. Qxe7 Ba6 16. Be3 Qe2 17. Nxe2 1-0

[Event "*** Titled Tuesday Blitz"]
[Site "Chess.com"]
[Date "2018.05.01"]
[Round "3"]
[White "VerdeNotte"]
[Black "Rokis13"]
[Result "1-0"]
[WhiteElo "2622"]
[BlackElo "2452"]
[TimeControl "180+2"]
[EndTime "13:34:55 PDT"]
[Termination "VerdeNotte won by resignation"]

1. Nf3 d6 2. e4 Bg4 3. d4 e6 4. c4 d5 5. Qa4+ Nc6 6. Ne5 Bh5 7.
cxd5 Bb4+ 8. Nc3 Bxc3+ 9. bxc3 exd5 10. Nxc6 bxc6 11. Qxc6+ Kf8 12. Ba3+ Ne7 13. Qxd5 Qxd5 14. exd5 Rd8 15. Bc4 Ke8 16. O-O Kd7 17. Bb5+ c6 18. dxc6+ 1-0

[Event "*** Titled Tuesday Blitz"]
[Site "Chess.com"]
[Date "2018.05.01"]
[Round "3"]
[White "LikeWater"]
[Black "colegiodemadrid"]
[Result "1-0"]
[WhiteElo "2515"]
[BlackElo "2289"]
[TimeControl "180+2"]
[EndTime "13:35:32 PDT"]
[Termination "LikeWater won by resignation"]

1. e4 c5 2. Nf3 d6 3. Nc3 a6 4. g3 e6 5. Bg2 Nf6 6. e5 dxe5 7. Nxe5 Nbd7 8. Nc4 Rb8 9. a4 Be7 10. d4 cxd4 11. Qxd4 O-O 12. O-O Bc5 13. Qd3 Nb6 14. Qxd8 Rxd8 15. Bf4 Nxc4 16. Bxb8 Bd7 17. Bc7 Rc8 18.
Bf4 Nxb2 19. Bxb7 Bxf2+ 20. Rxf2 Rxc3 21. Be5 Nxa4 22. Rxa4 1-0

[Event "*** Titled Tuesday Blitz"]
[Site "Chess.com"]
[Date "2018.05.01"]
[Round "3"]
[White "BrizuelaRonald"]
[Black "Albertu"]
[Result "1-0"]
[WhiteElo "2519"]
[BlackElo "2299"]
[TimeControl "180+2"]
[EndTime "13:35:43 PDT"]
[Termination "BrizuelaRonald won by resignation"]

1. d4 Nf6 2. c4 c5 3. d5 b5 4. cxb5 a6 5. bxa6 g6 6. Nc3 Bg7 7. Nf3 O-O 8. e4 Qa5 9. Bd2 Bxa6 10. Bxa6 Qxa6 11. Qe2 d6 12. a4 Nbd7 13. Nb5 Nxe4 14.
Qxe4 Qxb5 15. axb5 Rxa1+ 16. Ke2 Rxh1 17. Qxe7 Nf6 18.
Qxd6 Ne4 19. Qc6 Rb1 20. d6 Nxd2 21. Nxd2 Rxb2 22. Kd3 Rb8 23. d7 R2xb5 24. Qxb5 1-0

[Event "*** Titled Tuesday Blitz"]
[Site "Chess.com"]
[Date "2018.05.01"]
[Round "3"]
[White "Firouzja2003"]
[Black "AlexanderL"]
[Result "1-0"]
[WhiteElo "2860"]
[BlackElo "2576"]
[TimeControl "180+2"]
[EndTime "13:35:59 PDT"]
[Termination "Firouzja2003 won by resignation"]

1. d4 Nf6 2. c4 e6 3. g3 d5 4. Bg2 Be7 5. Nf3 O-O 6. O-O dxc4 7. Qc2 a6 8. a4 c5 9. dxc5 Bxc5 10. Qxc4 b6 11. Ne5 Ra7 12. Nc3 Bb7 13. Rd1 Qc8 14. Bxb7 Rxb7 15. Ne4 Nxe4 16. Qxe4 Nd7 17. Bf4 Nf6 18.
Qd3 Nd5 19. Qxa6 Nb4 20. Qb5 Nc2 21. Rac1 Rc7 22. Nd7 Rxd7 23. Qxd7 Qxd7 24. Rxd7 Nd4 25. Kf1 Nb3 26. Rc3 Na5 27. Bd6 1-0

[Event "*** Titled Tuesday Blitz"]
[Site "Chess.com"]
[Date "2018.05.01"]
[Round "3"]
[White "MikeSailer"]
[Black "Morshynska"]
[Result "0-1"]
[WhiteElo "1926"]
[BlackElo "2090"]
[TimeControl "180+2"]
[EndTime "13:36:04 PDT"]
[Termination "Morshynska won by resignation"]

1. e4 e5 2. Nc3 Nc6 3. Nf3 Nf6 4. Bb5 Bb4 5. d3 Bxc3+ 6. bxc3 d6 7. h3 Bd7 8. Bg5 h6 9. Be3 Ne7 10. Qd2 Bxb5 11.
Rb1 Bc6 12. O-O Qd7 13. d4 Nxe4 14. Qd3 exd4 15. cxd4 O-O 16. c4 d5 17. Ne5 Qe6 18.
f3 Nd6 19. Nxc6 Nxc6 20. Rxb7 Nxb7 0-1

[Event "*** Titled Tuesday Blitz"]
[Site "Chess.com"]
[Date "2018.05.01"]
[Round "3"]
[White "Al_Shima"]
[Black "PlotnikovPavel"]
[Result "1-0"]
[WhiteElo "2408"]
[BlackElo "2247"]
[TimeControl "180+2"]
[EndTime "13:36:22 PDT"]
[Termination "Al_Shima won by resignation"]

1. b3 Nf6 2. Bb2 g6 3. Bxf6 exf6 4. c4 Bg7 5. Nc3 O-O 6. g3 f5 7. Bg2 Nc6 8. e3 d6 9. Nge2 Ne5 10. d4 Ng4 11. h3 Nf6 12. Rc1 Re8 13. Qc2 c6 14. O-O a5 15. a3 Bd7 16. b4 axb4 17. axb4 Qe7 18. d5 Ne4 19. Rfd1 Qe5 20. Nxe4 fxe4 21. dxc6 bxc6 22. Qd2 Bf8 23. Nc3 f5 24. h4 Be6 25.
Bf1 Red8 26. b5 cxb5 27. cxb5 Bb3 28. Re1 d5 29. Rb1 Bc4 30. Ne2 Ra2 31. Qd4 Qd6 32. Nf4 Bg7 33. Qd1 Bxf1 34. Rxf1 d4 35. Qb3+ 1-0

[Event "*** Titled Tuesday Blitz"]
[Site "Chess.com"]
[Date "2018.05.01"]
[Round "3"]
[White "temiksmozg"]
[Black "FairChess_on_YouTube"]
[Result "0-1"]
[WhiteElo "2590"]
[BlackElo "2880"]
[TimeControl "180+2"]
[EndTime "13:36:25 PDT"]
[Termination "FairChess_on_YouTube won by checkmate"]

1. d4 d5 2. c4 c6 3. Nf3 Nf6 4. Nc3 a6 5. c5 Bf5 6. Bf4 Nbd7 7.
h3 g6 8. e3 Bg7 9. Nd2 O-O 10.
g4 Be6 11. Bg3 Ne4 12. Ndxe4 dxe4 13. Nxe4 Bd5 14. f3 e5 15. Nc3 exd4 16. exd4 Re8+ 17. Kf2 Nf8 18. Qd2 Ne6 19. Ne2 Bxf3 20. Kxf3 Ng5+ 21. Kf4 Re4# 0-1

[Event "*** Titled Tuesday Blitz"]
[Site "Chess.com"]
[Date "2018.05.01"]
[Round "3"]
[White "sandromareco"]
[Black "EmreDedebas"]
[Result "0-1"]
[WhiteElo "2615"]
[BlackElo "2397"]
[TimeControl "180+2"]
[EndTime "13:36:45 PDT"]
[Termination "EmreDedebas won by resignation"]

1. b3 e5 2. Bb2 Nc6 3. e3 Nf6 4. Bb5 e4 5. Ne2 a6 6. Bxc6 dxc6 7. O-O Bd6 8. f4 exf3 9. gxf3 Bh3 10. Rf2 Qe7 11. e4 O-O-O 12. d4 c5 13. d5 Nh5 14. c4 Rhg8 15. Kh1 g5 16. Qg1 g4 17. e5 gxf3 18. Ng3 Bxe5 19. Bxe5 Qxe5 20. Nd2 Bg2+ 0-1

[Event "*** Titled Tuesday Blitz"]
[Site "Chess.com"]
[Date "2018.05.01"]
[Round "3"]
[White "penguingm1"]
[Black "MITerryble"]
[Result "0-1"]
[WhiteElo "2743"]
[BlackElo "2680"]
[TimeControl "180+2"]
[EndTime "13:36:48 PDT"]
[Termination "MITerryble won by resignation"]

1. d4 e6 2. c4 Bb4+ 3. Bd2 Qe7 4. g3 Nf6 5. Bg2 Bxd2+ 6. Qxd2 d6 7. Nc3 O-O 8. Nf3 c6 9. O-O e5 10. Qc2 e4 11. Ng5 d5 12. Nh3 Bxh3 13. Bxh3 dxc4 14.
Bg2 Re8 15. Rad1 Nbd7 16. a4 Nb6 17. a5 Nbd5 18. Na4 Qb4 19. Nc5 e3 20. Ra1 exf2+ 21.
Rxf2 Ne3 22. Qa4 Qxb2 23. Bf3 Qxd4 24. Nxb7 Neg4 0-1

[Event "*** Titled Tuesday Blitz"]
[Site "Chess.com"]
[Date "2018.05.01"]
[Round "3"]
[White "Annawel"]
[Black "aa175"]
[Result "1-0"]
[WhiteElo "2801"]
[BlackElo "1863"]
[TimeControl "180+2"]
[EndTime "13:37:02 PDT"]
[Termination "Annawel won by resignation"]

1. Nf3 g6 2. d4 Bg7 3. e4 d6 4. Bc4 Nf6 5. Qe2 O-O 6. Bb3 Nc6 7. h3 e5 8. dxe5 Nxe5 9. O-O Qe7 10. Nc3 Re8 11.
Re1 c6 12. Bg5 h6 13. Bh4 g5 14. Bg3 Nxf3+ 15. Qxf3 Be6 16. e5 dxe5 17. Bxe5 Rad8 18.
Re2 Bxb3 19. axb3 Qxe5 20. Rxe5 Rxe5 21. Rd1 Rxd1+ 22. Qxd1 Nd5 23. g3 Nxc3 24. bxc3 Re6 25. Qd8+ Kh7 26. Qd7 b5 27. Qxf7 Re1+ 28. Kg2 Re2 29.
Qf3 Re6 30. Qf5+ Rg6 31. Qd3 a6 32. Kf3 Bf6 33. Kg4 Be5 34. Kh5 1-0

[Event "*** Titled Tuesday Blitz"]
[Site "Chess.com"]
[Date "2018.05.01"]
[Round "3"]
[White "Er_is_geen_hoop_meer"]
[Black "djano"]
[Result "0-1"]
[WhiteElo "2349"]
[BlackElo "2455"]
[TimeControl "180+2"]
[EndTime "13:37:04 PDT"]
[Termination "djano won by resignation"]

1. b4 e6 2. Bb2 f5 3. g4 fxg4 4. h3 g3 5. fxg3 Nf6 6. Bg2 Bd6 7. Nf3 Bxg3+ 8. Kf1 O-O 9. e3 Ne4 10. Qe2 Bd6 11. Qc4 Ng3+ 12. Kg1 Nxh1 13. Kxh1 Qe8 14. Nc3 Nc6 15. Rg1 Qh5 16. Ne4 Rxf3 17. Nf6+ Rxf6 18. Bxf6 Ne5 19. Qe4 Ng6 20. Bc3 Rb8 21. Qd4 Qe5 22.
Qxe5 Bxe5 23. d4 Bd6 24. Be1 b6 25. e4 Bb7 26. c4 Rf8 27. c5 Be7 28. Bg3 Nf4 29. Bf3 Nxh3 30. Rf1 Rxf3 31. Rxf3 Bxe4 32. Kg2 Ng5 0-1

[Event "*** Titled Tuesday Blitz"]
[Site "Chess.com"]
[Date "2018.05.01"]
[Round "3"]
[White "ghost_of_pushwood"]
[Black "Synctel"]
[Result "1-0"]
[WhiteElo "1879"]
[BlackElo "1907"]
[TimeControl "180+2"]
[EndTime "13:37:10 PDT"]
[Termination "ghost_of_pushwood won by resignation"]

1. c4 e5 2. Nc3 Nf6 3. Nf3 Nc6 4. e4 Bc5 5. Nxe5 Bxf2+ 6. Kxf2 Nxe5 7. d4 Ng6 8. e5 Ng8 9. Qh5 d6 10. Bg5 f6 11.
exf6 Nxf6 12. Re1+ Kf8 13. Qf3 Bg4 14. Bxf6 Qxf6 15. Qxf6+ gxf6 16. Nd5 Kf7 17. Nxc7 Rac8 18. Nb5 Rcd8 19. Be2 Bd7 20. Nxd6+ 1-0

[Event "*** Titled Tuesday Blitz"]
[Site "Chess.com"]
[Date "2018.05.01"]
[Round "3"]
[White "Keranke"]
[Black "Vamostodorecto"]
[Result "1-0"]
[WhiteElo "2676"]
[BlackElo "2380"]
[TimeControl "180+2"]
[EndTime "13:37:12 PDT"]
[Termination "Keranke won by resignation"]

1. d4 Nf6 2. c4 g6 3. g3 Bg7 4.
Bg2 d5 5. cxd5 Nxd5 6. e4 Nb6 7.
Ne2 O-O 8. O-O Na6 9. Nbc3 c5 10. d5 e6 11. h3 exd5 12. exd5 Bf5 13. d6 Qd7 14. g4 Be6 15. Bf4 Nc4 16. b3 Ne5 17. Qd2 Rad8 18. Rad1 h5 19. Qe3 Nc6 20. gxh5 Nd4 21.
Nxd4 cxd4 22. Rxd4 Bxd4 23. Qxd4 f6 24. Nd5 Kg7 25.
h6+ Kh7 26. Nxf6+ Rxf6 27. Qxf6 Rf8 28. Qxf8 1-0

[Event "*** Titled Tuesday Blitz"]
[Site "Chess.com"]
[Date "2018.05.01"]
[Round "3"]
[White "XiaoKangZhong"]
[Black "ABDELAZEEZ-M"]
[Result "1-0"]
[WhiteElo "2200"]
[BlackElo "2260"]
[TimeControl "180+2"]
[EndTime "13:37:12 PDT"]
[Termination "XiaoKangZhong won by resignation"]

1. e4 c5 2. Nf3 Nc6 3. Bb5 g6 4.
O-O Nd4 5. Nxd4 cxd4 6. c3 Bg7 7.
cxd4 Bxd4 8. Qa4 Bg7 9. d4 a6 10. Be2 Nf6 11. Nc3 O-O 12. Be3 d6 13. f3 Bd7 14. Qb3 b5 15. a3 Rc8 16. Rac1 Qa5 17. Nd5 Nxd5 18. Qxd5 Be6 19. Qb7 Bc4 20. Bxc4 Rxc4 21.
Rxc4 bxc4 22. Qxe7 c3 23. bxc3 Qxc3 24. Bf2 Qxa3 25. e5 Rc8 26. exd6 Bf8 27. d7 Qxe7 28. dxc8=Q Qe2 29. d5 Kg7 30. Qc6 a5 31. d6 Qd3 32.
d7 Be7 33. Qa4 h5 34. Qd4+ 1-0

[Event "*** Titled Tuesday Blitz"]
[Site "Chess.com"]
[Date "2018.05.01"]
[Round "3"]
[White "Andnar"]
[Black "matiss90"]
[Result "0-1"]
[WhiteElo "2389"]
[BlackElo "2332"]
[TimeControl "180+2"]
[EndTime "13:37:31 PDT"]
[Termination "matiss90 won by resignation"]

1. e4 c5 2. Nf3 d6 3. d4 cxd4 4. Nxd4 Nf6 5. Nc3 g6 6. Be3 Bg7 7. f3 O-O 8. Qd2 Nc6 9. Bc4 Bd7 10. O-O-O Rb8 11. h4 b5 12. Bb3 Nxd4 13. Bxd4 a5 14.
h5 a4 15. hxg6 axb3 16. Bxf6 exf6 17. gxh7+ Kh8 18. cxb3 f5 19. Qxd6 Be6 20. Kb1 Qxd6 21. Rxd6 b4 22. Nd5 fxe4 23. fxe4 Bxd5 24. Rxd5 Rfe8 25.
Rh4 Re6 26. Rd7 Rf6 27. Rh1 Rf2 28. Kc1 Rc8+ 29. Kd1 Rxb2 30. Rf1 Bh6 0-1

[Event "*** Titled Tuesday Blitz"]
[Site "Chess.com"]
[Date "2018.05.01"]
[Round "3"]
[White "ENEASZ"]
[Black "ChainsOfFantasia"]
[Result "1-0"]
[WhiteElo "2444"]
[BlackElo "2416"]
[TimeControl "180+2"]
[EndTime "13:37:40 PDT"]
[Termination "ENEASZ won by resignation"]

1. e4 c6 2. d3 d5 3. Nd2 e5 4. Ngf3 Bd6 5. d4 exd4 6. exd5 Nf6 7. dxc6 Nxc6 8. Be2 O-O 9. O-O Bg4 10. h3 Bxf3 11.
Nxf3 Rc8 12. a3 h6 13. Bd3 Qc7 14. Re1 Rfe8 15. Bd2 Nd5 16. Nh4 Nf4 17. Bxf4 Bxf4 18. Qg4 Bh2+ 19. Kh1 Qf4 20. Nf5 Qxg4 21. hxg4 Be5 22.
g3 Kf8 23. f4 Bf6 24. Nd6 Rxe1+ 25. Rxe1 Rb8 26. Bc4 b5 27. Bxb5 Be7 28. Bxc6 Bxd6 29. b4 Bc7 30. Kg2 g6 31. Kf3 Rd8 32. Bb5 Bb6 33.
Re5 Rc8 34. Bd3 Rc3 35. a4 Rc8 36. a5 Bd8 37. Rb5 Rc7 38. Rd5 Bf6 39. b5 Ke7 40. b6 axb6 41. axb6 Rb7 42. Rb5 Kd6 43. Be4 Rb8 44.
b7 Kc7 45. Rc5+ Kb6 46. Rc6+ 1-0

[Event "*** Titled Tuesday Blitz"]
[Site "Chess.com"]
[Date "2018.05.01"]
[Round "3"]
[White "amatatanav"]
[Black "Fandorine"]
[Result "0-1"]
[WhiteElo "2388"]
[BlackElo "2715"]
[TimeControl "180+2"]
[EndTime "13:37:42 PDT"]
[Termination "Fandorine won on time"]

1. e4 c5 2. Ne2 g6 3. d4 Bg7 4. dxc5 Na6 5. Nbc3 Nxc5 6. Be3 Ne6 7. Qd2 Nf6 8. f3 O-O 9. h4 h5 10. O-O-O d6 11. Rg1 Qa5 12. g4 hxg4 13. fxg4 Nc5 14. g5 Nfxe4 15. Nxe4 Qxa2 16. Qb4 a5 17. Qa3 Qxa3 18.
bxa3 Nxe4 19. Bg2 Nc5 20. Nf4 Bg4 21. Nd5 Bxd1 22. Nxe7+ Kh7 23. Rxd1 Rae8 24. Rxd6 Rxe7 25. Bxc5 Rc8 26. Bb6 Re2 27. Bxb7 Rcxc2+ 28. Kd1 Rb2 29. Bxa5 Rh2 0-1

[Event "*** Titled Tuesday Blitz"]
[Site "Chess.com"]
[Date "2018.05.01"]
[Round "3"]
[White "grzechu96"]
[Black "DrVelja"]
[Result "1-0"]
[WhiteElo "2478"]
[BlackElo "2523"]
[TimeControl "180+2"]
[EndTime "13:37:47 PDT"]
[Termination "grzechu96 won by resignation"]

1. e4 c5 2. Nf3 e6 3. d4 cxd4 4. Nxd4 Nf6 5. Nc3 d6 6. Be3 Be7 7. f4 h5 8. Qf3 a6 9. O-O-O Qc7 10. a3 Nbd7 11. h3 b5 12. g4 hxg4 13. hxg4 Rxh1 14. Qxh1 Nxg4 15. Nxe6 fxe6 16. Qh5+ Kf8 17. Qxg4 Nf6 18.
Qh3 e5 19. Qh2 Bg4 20. Be2 Bxe2 21. Qxe2 exf4 22. Bxf4 Kf7 23. Qg2 Rh8 24. Rg1 Rh7 25. Qg6+ Kg8 26. Bg5 Qd7 27. Bxf6 Bxf6 28. Qxf6 Rh1 29.
Qf1 Rxg1 30. Qxg1 1-0

[Event "*** Titled Tuesday Blitz"]
[Site "Chess.com"]
[Date "2018.05.01"]
[Round "3"]
[White "capatl"]
[Black "Blitzstream"]
[Result "1/2-1/2"]
[WhiteElo "2514"]
[BlackElo "2487"]
[TimeControl "180+2"]
[EndTime "13:37:47 PDT"]
[Termination "Game drawn by repetition"]

1. c4 Nf6 2. Nc3 c6 3. Nf3 d5 4. cxd5 cxd5 5. d4 Nc6 6. Bf4 Qb6 7. Qb3 Qxb3 8. axb3 e6 9. e3 Bb4 10. Bb5 Bd7 11. Ra4 a5 12. Nd2 O-O 13. O-O Rfc8 14. Rfa1 b6 15. Kf1 Kf8 16. Ke1 Ke7 17. Kd1 h6 18. h3 g5 19. Bh2 Ne8 20. Na2 Bd6 21.
Bxd6+ Nxd6 22. Bd3 Na7 23. Ra3 Nab5 24. Ra4 Nc7 25.
Ra3 Ncb5 26. Ra4 Nc7 27. Ra3 Ncb5 1/2-1/2

[Event "*** Titled Tuesday Blitz"]
[Site "Chess.com"]
[Date "2018.05.01"]
[Round "3"]
[White "WanderingPuppet"]
[Black "pulvettd"]
[Result "1-0"]
[WhiteElo "2318"]
[BlackElo "2384"]
[TimeControl "180+2"]
[EndTime "13:37:47 PDT"]
[Termination "WanderingPuppet won on time"]

1. e4 c5 2. Nf3 d6 3. d4 cxd4 4. Nxd4 Nf6 5. Nc3 a6 6. h4 e5 7. Nb3 Be6 8. f4 exf4 9. Bxf4 Be7 10. Qf3 Bg4 11. Qf2 b5 12. Be2 Bxe2 13. Qxe2 b4 14. Nd5 Nxd5 15. exd5 O-O 16. O-O-O Bf6 17. Qg4 a5 18. Nd4 b3 19. cxb3 a4 20. Kb1 Qb6 21.
Nf5 axb3 22. a3 Qc5 23. Qe2 1-0

[Event "*** Titled Tuesday Blitz"]
[Site "Chess.com"]
[Date "2018.05.01"]
[Round "3"]
[White "sergeikim"]
[Black "Federtiu"]
[Result "1-0"]
[WhiteElo "2364"]
[BlackElo "2510"]
[TimeControl "180+2"]
[EndTime "13:37:51 PDT"]
[Termination "sergeikim won by resignation"]

1. d4 g6 2. c4 Bg7 3. Nc3 d6 4. e4 Nf6 5. Nge2 O-O 6. Ng3 Na6 7. Be2 c5 8. d5 e6 9. O-O exd5 10. cxd5 Nc7 11.
a4 Re8 12. Bf4 h5 13. Bg5 Re5 14. Qd2 Qe7 15. h4 Bd7 16. Rae1 Re8 17. f4 Rxg5 18. hxg5 Ng4 19. e5 Nxe5 20. fxe5 Bxe5 21. Nge4 Bd4+ 22. Kh1 Nxd5 23. Bc4 Bxc3 24. bxc3 1-0

[Event "*** Titled Tuesday Blitz"]
[Site "Chess.com"]
[Date "2018.05.01"]
[Round "3"]
[White "Keaton87"]
[Black "tomsishere"]
[Result "1-0"]
[WhiteElo "2452"]
[BlackElo "2366"]
[TimeControl "180+2"]
[EndTime "13:37:54 PDT"]
[Termination "Keaton87 won by resignation"]

1. d4 Nf6 2. Nf3 g6 3. Bf4 Bg7 4. e3 d6 5. Be2 Nh5 6. Bg5 h6 7. Bh4 g5 8. Nfd2 Nf6 9. Bg3 c5 10. c3 Nbd7 11. O-O Rb8 12. e4 h5 13. h3 e5 14. Nc4 Nxe4 15. Bd3 Nxg3 16. Nxd6+ Ke7 17. Nxc8+ Rxc8 18. fxg3 Qb6 19. Qf3 Rhf8 20. Nd2 cxd4 21. cxd4 Qxd4+ 22. Kh1 Nc5 23. Bf5 Rcd8 24. Nb3 e4 25. Rae1 Be5 26. Nxd4 exf3 27. Rxe5+ Kf6 28. Rxc5 Rxd4 29. Rxf3 g4 30. Bxg4+ Kg7 31. Rxh5 Rd1+ 32.
Kh2 Rb1 33. Rg5+ Kh6 34. h4 Re8 35. Rf6+ Kh7 36. Bf5+ 1-0

[Event "*** Titled Tuesday Blitz"]
[Site "Chess.com"]
[Date "2018.05.01"]
[Round "3"]
[White "gemarin"]
[Black "el-reptiliano"]
[Result "0-1"]
[WhiteElo "1854"]
[BlackElo "1617"]
[TimeControl "180+2"]
[EndTime "13:38:08 PDT"]
[Termination "el-reptiliano won on time"]

1. d4 d5 2. c4 dxc4 3. Nf3 Nf6 4. e3 b5 5. a4 b4 6. Bxc4 e6 7. O-O Be7 8. b3 O-O 9. Nbd2 Bb7 10. Bb2 Nbd7 11. Qe2 c5 12. Rfd1 Rc8 13. Rac1 Qc7 14. e4 Qb8 15. Ne5 Nxe5 16. dxe5 Nd7 17. Nf3 Nb6 18.
Bb5 a5 19. Nd2 Rfd8 20. f4 Qa8 21. Re1 Qa7 22. Kh1 Qa8 0-1

[Event "*** Titled Tuesday Blitz"]
[Site "Chess.com"]
[Date "2018.05.01"]
[Round "3"]
[White "LisikValera"]
[Black "Cruel_Yaro"]
[Result "0-1"]
[WhiteElo "2427"]
[BlackElo "2639"]
[TimeControl "180+2"]
[EndTime "13:38:09 PDT"]
[Termination "Cruel_Yaro won by resignation"]

1. d4 a6 2. e4 d6 3. Nc3 g6 4.
Be2 Bg7 5. h4 c5 6. d5 b5 7. h5 b4 8. Nb1 Nf6 9. h6 Bf8 10. Nd2 e6 11. dxe6 Bxe6 12. Ngf3 Be7 13. Ng5 O-O 14. Nxe6 fxe6 15. e5 dxe5 16. Bf3 Ra7 17.
Qe2 Nbd7 18. Nc4 Qb8 19. Na5 Qd6 20. Nc6 Rc7 21. Nxe7+ Qxe7 22. Bg5 c4 23. O-O Qc5 24. Rad1 c3 25. bxc3 bxc3 26. Qxa6 Re8 27. Rfe1 e4 28. Bxf6 Nxf6 29. Bxe4 Ng4 30. Re2 Qh5 31. Qd6 Rd7 0-1

[Event "*** Titled Tuesday Blitz"]
[Site "Chess.com"]
[Date "2018.05.01"]
[Round "3"]
[White "Orest_Vovk"]
[Black "dhanushbharadwaj"]
[Result "1-0"]
[WhiteElo "2476"]
[BlackElo "2517"]
[TimeControl "180+2"]
[EndTime "13:38:10 PDT"]
[Termination "Orest_Vovk won by resignation"]

1. g4 c6 2. Bg2 d5 3. h3 g6 4. d4 Bg7 5. Nf3 Nd7 6. Bf4 Ngf6 7. O-O O-O 8. Ne5 Re8 9. Nd2 c5 10. c3 cxd4 11. cxd4 Nxe5 12. Bxe5 e6 13. Qb3 Nd7 14. Bxg7 Kxg7 15. Rac1 Nb6 16. a4 a5 17. Qc2 Bd7 18.
b3 Rc8 19. Qd3 Qe7 20. Nf3 Qa3 21. Qe3 Rxc1 22. Rxc1 Rc8 23. Rc5 h6 24. Qe5+ f6 25. Qd6 Rc6 26. Qe7+ Kg8 27. Qxf6 Rxc5 28. Qxg6+ Kf8 29.
Qxh6+ Ke8 30. Qh8+ Ke7 31. Qg7+ Ke8 32. dxc5 Qxc5 33. Qd4 Qc1+ 34. Kh2 Nc8 35. g5 Ne7 36. Qh8+ 1-0

[Event "*** Titled Tuesday Blitz"]
[Site "Chess.com"]
[Date "2018.05.01"]
[Round "3"]
[White "Mbneu"]
[Black "chidori_boruto"]
[Result "0-1"]
[WhiteElo "2281"]
[BlackElo "2525"]
[TimeControl "180+2"]
[EndTime "13:38:11 PDT"]
[Termination "chidori_boruto won by resignation"]

1. d4 d5 2. c4 c6 3. Nc3 Nf6 4. Nf3 dxc4 5. e4 b5 6. e5 Nd5 7. Ne4 e6 8. Be2 h6 9. O-O Be7 10. Bd2 O-O 11. b3 cxb3 12. axb3 a5 13. Qc1 f5 14.
exf6 Nxf6 15. Nc5 Bxc5 16. Qxc5 Ne4 17. Qc2 Nxd2 18. Qxd2 Nd7 19. Qe3 Nf6 20. Ne5 Nd5 21.
Qg3 Nf4 22. Bg4 Qxd4 23. Nxc6 Qf6 24. Rxa5 Bb7 25. Rxa8 Bxa8 26. Nb4 h5 27. Bd1 h4 28. Qg4 Bxg2 29. Re1 Bh3 30. Qf3 Qg5+ 0-1

[Event "*** Titled Tuesday Blitz"]
[Site "Chess.com"]
[Date "2018.05.01"]
[Round "3"]
[White "amiralfio"]
[Black "Storne89"]
[Result "0-1"]
[WhiteElo "2349"]
[BlackElo "2530"]
[TimeControl "180+2"]
[EndTime "13:38:13 PDT"]
[Termination "Storne89 won by resignation"]

1. d4 Nf6 2. Nf3 e6 3. c4 a6 4. Nc3 d5 5. cxd5 exd5 6. Bg5 Be6 7. e3 Nbd7 8. Ne5 Be7 9. Nxd7 Qxd7 10. Bd3 O-O 11. O-O Bf5 12. Rc1 c6 13. Na4 Bxd3 14.
Qxd3 Qe6 15. Nc5 Bxc5 16. Bxf6 Bd6 17. Bh4 f5 18. Bg3 Bxg3 19. hxg3 Rae8 20. b4 Rf6 21. Rfe1 Rh6 22. f3 Rg6 23. Kf2 Qd6 24. f4 Re4 25. Rc5 Rg4 26. Qe2 g5 27. Qf3 Qg6 28. a3 h5 29. Rh1 h4 30. Rh3 hxg3+ 31. Rxg3 gxf4 32. Rxg4 fxg4 33. Qd1 Rxe3 34. a4 Qh5 0-1